TOP OF THE 1ST |
Lancaster Farmers batting - Pitching for Providence Pilgrims : RHP Ernesto García
|
Pitching: RHP Ernesto García
|
|
Batting: LHB Conrad Overdevest
|
0-0: Ball 1-0: Called Strike 1-1: Ball 2-1: Foul Ball, location: 2F 2-2: Ground out U3 (Groundball, 34S, EV 63.1 MPH)
|
Batting: RHB Archie Pittman
|
0-0: Called Strike 0-1: Ball 1-1: Ball 2-1: SINGLE (Groundball, 6, EV 99.4 MPH) (infield hit)
|
Batting: LHB Robert Shannon
|
0-0: Ball 1-0: Ball 2-0: Swinging Strike 2-1: Ball 3-1: Fly out, F8 (Flyball, 8RS, EV 88.8 MPH)
|
Batting: RHB Barton Ryan
|
0-0: Called Strike 0-1: Hit by Pitch Archie Pittman to second
|
Batting: RHB Gonzalo Perales
|
0-0: Ball 1-0: Foul Ball, location: 2F 1-1: Swinging Strike 1-2: Strikes out swinging
|
Top of the 1st over - 0 runs, 1 hit, 0 errors, 2 left on base; Lancaster 0 - Providence 0 |
BOTTOM OF THE 1ST |
Providence Pilgrims batting - Pitching for Lancaster Farmers : RHP Tony De Jesús
|
Pitching: RHP Tony De Jesús
|
|
Batting: LHB César Valtez
|
0-0: Bunt missed! 0-1: Ground out 4-3 (Groundball, 4S, EV 82.5 MPH)
|
Batting: RHB Carlos González
|
0-0: Called Strike 0-1: Foul Ball, location: 2F 0-2: Fly out, F8 (Flyball, 78S, EV 91.2 MPH)
|
Batting: RHB Chris Hall
|
0-0: SINGLE (Groundball, 34D, EV 96.9 MPH)
|
Batting: RHB Keith Lynn
|
0-0: Ball 1-0: Fielders Choice at 2nd, 5-4 (Groundball, 5, EV 102.5 MPH)
|
Bottom of the 1st over - 0 runs, 1 hit, 0 errors, 1 left on base; Lancaster 0 - Providence 0 |
TOP OF THE 2ND |
Lancaster Farmers batting - Pitching for Providence Pilgrims : RHP Ernesto García
|
Batting: LHB Alex Joly
|
0-0: Ball 1-0: Called Strike 1-1: Swinging Strike 1-2: Strikes out swinging
|
Batting: RHB António Andrés
|
0-0: Foul Ball, location: 2F 0-1: Called Strike 0-2: Ball 1-2: Foul Ball, location: 2F 1-2: Ball 2-2: Strikes out swinging, 2-3 out at first.
|
Batting: RHB Thurman Williams
|
0-0: Ball 1-0: Ball 2-0: Fly out, F7 (Flyball, 78M, EV 82.5 MPH)
|
Top of the 2nd over - 0 runs, 0 hits, 0 errors, 0 left on base; Lancaster 0 - Providence 0 |
BOTTOM OF THE 2ND |
Providence Pilgrims batting - Pitching for Lancaster Farmers : RHP Tony De Jesús
|
Batting: RHB Barend Huijbregts
|
0-0: Ball 1-0: Ball 2-0: Ball 3-0: Base on Balls
|
Batting: RHB Frank Ray
|
0-0: Ball 1-0: Ball 2-0: Called Strike 2-1: Swinging Strike 2-2: Ball 3-2: Fly out, F7 (Flyball, 7S, EV 84.4 MPH)
|
Batting: LHB David Davis
|
0-0: Ball 1-0: Fly out, F8 (Flyball, 8LD, EV 106.9 MPH)
|
Batting: RHB Jesse McCoy
|
0-0: Foul Ball, location: 2F 0-1: Ball 1-1: SINGLE (Line Drive, 56D, EV 100.0 MPH) Barend Huijbregts to second
|
Batting: RHB Mario Ramírez
|
0-0: Ball 1-0: Ball 2-0: Called Strike 2-1: Ball 3-1: Called Strike 3-2: Strikes out swinging
|
Bottom of the 2nd over - 0 runs, 1 hit, 0 errors, 2 left on base; Lancaster 0 - Providence 0 |
TOP OF THE 3RD |
Lancaster Farmers batting - Pitching for Providence Pilgrims : RHP Ernesto García
|
Batting: RHB Nick O'Quigley
|
0-0: Called Strike 0-1: Ball 1-1: Foul Ball, location: 2F 1-2: Strikes out swinging
|
Batting: LHB Conrad Overdevest
|
0-0: Foul Ball, location: 2F 0-1: Ball 1-1: Ball 2-1: Ground out U3 (Groundball, 3L, EV 93.8 MPH)
|
Batting: RHB Archie Pittman
|
0-0: Ball 1-0: Fly out, F8 (Flyball, 78D, EV 98.1 MPH)
|
Top of the 3rd over - 0 runs, 0 hits, 0 errors, 0 left on base; Lancaster 0 - Providence 0 |
BOTTOM OF THE 3RD |
Providence Pilgrims batting - Pitching for Lancaster Farmers : RHP Tony De Jesús
|
Batting: LHB César Valtez
|
0-0: Called Strike 0-1: Ball 1-1: TRIPLE (Flyball, 78XD, EV 91.9 MPH)
|
Batting: RHB Carlos González
|
0-0: Swinging Strike 0-1: Ball 1-1: Foul Ball, location: 2F 1-2: Ball 2-2: Ball 3-2: Foul Ball, location: 2F 3-2: Fly out, F8 (Flyball, 8RD, EV 91.9 MPH) Runner from 3rd tags up, SCORES, throw by CF
|
Batting: RHB Chris Hall
|
0-0: Ball 1-0: Foul Ball, location: 2F 1-1: Ball 2-1: Swinging Strike 2-2: Foul Ball, location: 2F 2-2: Foul Ball, location: 2F 2-2: Ball 3-2: Ground out 6-3 (Groundball, 6, EV 98.8 MPH)
|
Batting: RHB Keith Lynn
|
0-0: Called Strike 0-1: Ball 1-1: Foul Ball, location: 2F 1-2: Ball 2-2: Fly out, F9 (Line Drive, 9D, EV 94.4 MPH)
|
Bottom of the 3rd over - 1 run, 1 hit, 0 errors, 0 left on base; Lancaster 0 - Providence 1 |
TOP OF THE 4TH |
Lancaster Farmers batting - Pitching for Providence Pilgrims : RHP Ernesto García
|
Batting: LHB Robert Shannon
|
0-0: Ball 1-0: Ground out U3 (Groundball, 34, EV 103.8 MPH)
|
Batting: RHB Barton Ryan
|
0-0: Ball 1-0: Fly out, F7 (Flyball, 78S, EV 93.1 MPH)
|
Batting: RHB Gonzalo Perales
|
0-0: Swinging Strike 0-1: Foul Ball, location: 2F 0-2: Ball 1-2: Strikes out looking
|
Top of the 4th over - 0 runs, 0 hits, 0 errors, 0 left on base; Lancaster 0 - Providence 1 |
BOTTOM OF THE 4TH |
Providence Pilgrims batting - Pitching for Lancaster Farmers : RHP Tony De Jesús
|
Batting: RHB Barend Huijbregts
|
0-0: Ball 1-0: Ball 2-0: Called Strike 2-1: Fly out, F8 (Flyball, 89XD, EV 91.2 MPH)
|
Batting: RHB Frank Ray
|
0-0: Ball 1-0: SINGLE (Groundball, 4MD, EV 103.1 MPH)
|
Batting: LHB David Davis
|
0-0: Called Strike 0-1: Fly out, F3 (Popup, 3SF, EV 66.2 MPH)
|
Batting: RHB Jesse McCoy
|
0-0: Called Strike 0-1: Called Strike 0-2: Ball 1-2: Ball 2-2: Foul Ball, location: 2F 2-2: Ball 3-2: Foul Ball, location: 2F 3-2: SINGLE (Groundball, 4MD, EV 98.1 MPH) Frank Ray to second Frank Ray to third
|
Batting: RHB Mario Ramírez
|
0-0: Swinging Strike 0-1: Ball 1-1: Ball 2-1: Fielders Choice at 2nd, 6-4 (Groundball, 6, EV 111.2 MPH)
|
Bottom of the 4th over - 0 runs, 2 hits, 0 errors, 2 left on base; Lancaster 0 - Providence 1 |
TOP OF THE 5TH |
Lancaster Farmers batting - Pitching for Providence Pilgrims : RHP Ernesto García
|
Batting: LHB Alex Joly
|
0-0: Ball 1-0: Ground out 5-3 (Groundball, 56, EV 84.4 MPH)
|
Batting: RHB António Andrés
|
0-0: Called Strike 0-1: Ball 1-1: SINGLE (Line Drive, 7S, EV 88.8 MPH)
|
Batting: RHB Thurman Williams
|
0-0: Ball 1-0: Swinging Strike 1-1: Ball 2-1: SINGLE (Groundball, 56D, EV 96.9 MPH) António Andrés to second
|
Batting: RHB Nick O'Quigley
|
0-0: Ball 1-0: Called Strike 1-1: Called Strike 1-2: Foul Ball, location: 2F 1-2: Foul Ball, location: 2F 1-2: Ball 2-2: Ball 3-2: Fielders Choice at 2nd, 5-4 (Groundball, 56, EV 89.4 MPH) António Andrés to third
|
Batting: LHB Conrad Overdevest
|
0-0: Ball 1-0: Ground out 4-3 (Groundball, 4S, EV 73.8 MPH)
|
Top of the 5th over - 0 runs, 2 hits, 0 errors, 2 left on base; Lancaster 0 - Providence 1 |
BOTTOM OF THE 5TH |
Providence Pilgrims batting - Pitching for Lancaster Farmers : RHP Tony De Jesús
|
Batting: LHB César Valtez
|
0-0: Ball 1-0: Foul Ball, location: 2F 1-1: Foul Ball, location: 2F 1-2: Foul Ball, location: 2F 1-2: Ball 2-2: Ball 3-2: Fly out, F1 (Popup, 15, EV 77.5 MPH)
|
Batting: RHB Carlos González
|
0-0: Foul Ball, location: 2F 0-1: Swinging Strike 0-2: Foul Ball, location: 2F 0-2: Strikes out swinging
|
Batting: RHB Chris Hall
|
0-0: Called Strike 0-1: Ball 1-1: Ball 2-1: Called Strike 2-2: Foul Ball, location: 2F 2-2: Ground out 6-3 (Groundball, 6, EV 97.5 MPH)
|
Bottom of the 5th over - 0 runs, 0 hits, 0 errors, 0 left on base; Lancaster 0 - Providence 1 |
TOP OF THE 6TH |
Lancaster Farmers batting - Pitching for Providence Pilgrims : RHP Ernesto García
|
Batting: RHB Archie Pittman
|
0-0: Ball 1-0: SINGLE (Groundball, 6MS, EV 71.9 MPH) (infield hit)
|
Batting: LHB Robert Shannon
|
0-0: Foul Ball, location: 2F 0-1: Called Strike 0-2: Foul Ball, location: 2F 0-2: Ball 1-2: Foul Ball, location: 2F 1-2: SINGLE (Groundball, 4D, EV 91.9 MPH) (infield hit) Archie Pittman to second
|
Batting: RHB Barton Ryan
|
0-0: Ball 1-0: Called Strike 1-1: Hit by Pitch Archie Pittman to third Robert Shannon to second
|
Batting: RHB Gonzalo Perales
|
0-0: Grounds into fielders choice 1-2 (Groundball, 13S, EV 70.0 MPH) Robert Shannon to third Barton Ryan to second
|
Batting: LHB Alex Joly
|
0-0: Ball 1-0: Swinging Strike 1-1: Foul Ball, location: 2F 1-2: Strikes out swinging
|
Batting: RHB António Andrés
|
0-0: Called Strike 0-1: Swinging Strike 0-2: Strikes out swinging
|
Top of the 6th over - 0 runs, 2 hits, 0 errors, 3 left on base; Lancaster 0 - Providence 1 |
BOTTOM OF THE 6TH |
Providence Pilgrims batting - Pitching for Lancaster Farmers : RHP Tony De Jesús
|
Batting: RHB Keith Lynn
|
0-0: Ball 1-0: Called Strike 1-1: Swinging Strike 1-2: Ball 2-2: Foul Ball, location: 2F 2-2: Ball 3-2: Foul Ball, location: 2F 3-2: SINGLE (Line Drive, 3D, EV 95.6 MPH)
|
Batting: RHB Barend Huijbregts
|
0-0: Ball 1-0: Ball 2-0: Called Strike 2-1: SINGLE (Groundball, 34, EV 110.0 MPH) Keith Lynn to second Runner from 2nd tries for 3rd, SAFE, throw by RF made to third
|
Pitching: LHP Virgil Cook
|
|
Batting: RHB Frank Ray
|
0-0: Called Strike 0-1: 3-RUN HOME RUN (Flyball, 78XD, EV 103.8 MPH), Distance : 390 ft
|
Batting: LHB David Davis
|
0-0: Called Strike 0-1: Swinging Strike 0-2: Ball 1-2: Strikes out looking
|
Batting: RHB Jesse McCoy
|
0-0: Ball 1-0: Called Strike 1-1: SINGLE (Groundball, 6D, EV 98.1 MPH)
|
Batting: RHB Mario Ramírez
|
0-0: Called Strike 0-1: Fly out, F4 (Flyball, 4MD, EV 84.4 MPH)
|
Batting: LHB César Valtez
|
0-0: Called Strike 0-1: Swinging Strike 0-2: Ball 1-2: Foul Ball, location: 2F 1-2: Ball 2-2: Ball 3-2: Strikes out swinging
|
Bottom of the 6th over - 3 runs, 4 hits, 0 errors, 1 left on base; Lancaster 0 - Providence 4 |
TOP OF THE 7TH |
Lancaster Farmers batting - Pitching for Providence Pilgrims : RHP Ernesto García
|
Batting: RHB Thurman Williams
|
0-0: Ball 1-0: Swinging Strike 1-1: Ball 2-1: Swinging Strike 2-2: Fly out, F4 (Popup, 4, EV 61.2 MPH)
|
Batting: RHB Nick O'Quigley
|
0-0: Ball 1-0: Ball 2-0: Called Strike 2-1: Ball 3-1: Foul Ball, location: 2F 3-2: Foul Ball, location: 2F 3-2: Fly out, F9 (Flyball, 89M, EV 93.8 MPH)
|
Batting: LHB Conrad Overdevest
|
0-0: Ball 1-0: Foul Ball, location: 2F 1-1: Fly out, F7 (Flyball, 7, EV 93.1 MPH)
|
Top of the 7th over - 0 runs, 0 hits, 0 errors, 0 left on base; Lancaster 0 - Providence 4 |
BOTTOM OF THE 7TH |
Providence Pilgrims batting - Pitching for Lancaster Farmers : LHP Virgil Cook
|
Batting: RHB Carlos González
|
0-0: Ball 1-0: Ball 2-0: Foul Ball, location: 2F 2-1: Called Strike 2-2: Strikes out swinging
|
Batting: RHB Chris Hall
|
0-0: Ball 1-0: Ball 2-0: Called Strike 2-1: Ground out 5-3 (Groundball, 5S, EV 70.0 MPH)
|
Batting: RHB Keith Lynn
|
0-0: Ball 1-0: Called Strike 1-1: Ground out 4-3 (Groundball, 34, EV 104.4 MPH)
|
Bottom of the 7th over - 0 runs, 0 hits, 0 errors, 0 left on base; Lancaster 0 - Providence 4 |
TOP OF THE 8TH |
Lancaster Farmers batting - Pitching for Providence Pilgrims : RHP Ernesto García
|
Pitching: RHP Phat Tra
|
|
Batting: RHB Archie Pittman
|
0-0: Ball 1-0: Ball 2-0: Swinging Strike 2-1: Foul Ball, location: 2F 2-2: SINGLE (Groundball, 6MD, EV 96.9 MPH)
|
Batting: LHB Robert Shannon
|
0-0: Called Strike 0-1: Grounds into double play, 4-6-3 (Groundball, 4, EV 86.9 MPH)
|
Batting: RHB Barton Ryan
|
0-0: Ball 1-0: Foul Ball, location: 2F 1-1: Swinging Strike 1-2: Ball 2-2: Strikes out swinging
|
Top of the 8th over - 0 runs, 1 hit, 0 errors, 0 left on base; Lancaster 0 - Providence 4 |
BOTTOM OF THE 8TH |
Providence Pilgrims batting - Pitching for Lancaster Farmers : LHP Virgil Cook
|
Batting: RHB Barend Huijbregts
|
0-0: Called Strike 0-1: Called Strike 0-2: Ball 1-2: Strikes out swinging
|
Batting: RHB Frank Ray
|
0-0: Called Strike 0-1: Ball 1-1: Foul Ball, location: 2F 1-2: Foul Ball, location: 2F 1-2: Ball 2-2: Strikes out swinging
|
Batting: LHB David Davis
|
0-0: Ball 1-0: Foul Ball, location: 2F 1-1: Ground out 4-3 (Groundball, 34, EV 103.1 MPH)
|
Bottom of the 8th over - 0 runs, 0 hits, 0 errors, 0 left on base; Lancaster 0 - Providence 4 |
TOP OF THE 9TH |
Lancaster Farmers batting - Pitching for Providence Pilgrims : RHP Phat Tra
|
Batting: RHB Gonzalo Perales
|
0-0: SINGLE (Flyball, 78S, EV 86.2 MPH)
|
Batting: LHB Alex Joly
|
0-0: Foul Ball, location: 2F 0-1: Ball 1-1: Ball 2-1: Swinging Strike 2-2: Ball 3-2: Base on Balls Gonzalo Perales to second
|
Pitching: RHP Bernard Hewer
|
|
Batting: RHB António Andrés
|
0-0: Called Strike 0-1: Foul Ball, location: 2F 0-2: Ball 1-2: Ball 2-2: Ball 3-2: Foul Ball, location: 2F 3-2: Fly out, F7 (Flyball, 7LMF, EV 87.5 MPH)
|
Batting: RHB Thurman Williams
|
0-0: Foul Ball, location: 2F 0-1: Ball 1-1: Foul Ball, location: 2F 1-2: Ball 2-2: Strikes out looking
|
Batting: RHB Nick O'Quigley
|
0-0: SINGLE (Line Drive, 6MD, EV 95.6 MPH) Gonzalo Perales to third Alex Joly to second
|
Batting: LHB Conrad Overdevest
|
0-0: Ball 1-0: Ball 2-0: Ball 3-0: Base on Balls Gonzalo Perales scores Alex Joly to third Nick O'Quigley to second
|
Batting: RHB Archie Pittman
|
0-0: Called Strike 0-1: Ball 1-1: Ball 2-1: Ball 3-1: Foul Ball, location: 2F 3-2: Foul Ball, location: 2F 3-2: Fly out, F7 (Flyball, 7D, EV 101.2 MPH)
|
Top of the 9th over - 1 run, 2 hits, 0 errors, 3 left on base; Lancaster 1 - Providence 4 |
|